 Dungeon Crawl Stone Soup version 0.21-b1-21-g86478ac (webtiles) character file.

14452 Leszczynek the Basher (level 11, 90/94 HPs)
             Began as a Demigod Wanderer on Jan 4, 2018.
             Quit the game on level 1 of the Lair of Beasts.
             The game lasted 00:40:36 (6995 turns).

Leszczynek the Basher (Demigod Wanderer)            Turns: 6995, Time: 00:40:37

Health: 90/94      AC: 17    Str: 21    XL:     11   Next: 58%
Magic:  17/17      EV: 12    Int: 16    God:
Gold:   681        SH:  6    Dex: 18    Spells: 13/13 levels left

rFire    . . .     SeeInvis .   a - +2 flail (drain)
rCold    . . .     Gourm    .   e - +0 buckler
rNeg     . . .     Faith    .   r - +1 plate armour
rPois    .         Spirit   .   (no helmet)
rElec    .         Reflect  .   H - +2 cloak {+Inv}
rCorr    .         Harm     .   (no gloves)
MR       +....                  (no boots)
Stlth    ..........             (no amulet)
HPRegen  0.25/turn              v - +3 ring of dexterity
MPRegen  0.15/turn              z - +4 ring of evasion

@: no status effects
A: high mp 1
a: Evoke Invisibility


You were on level 1 of the Lair of Beasts.
You were not hungry.

You visited 2 branches of the dungeon, and saw 13 of its levels.

You collected 947 gold pieces.
You spent 266 gold pieces at shops.

Inventory:

Hand Weapons
 a - a +2 flail of draining (weapon)
 I - a +2 dagger of venom
 N - the +10 zealot's sword {holy, *Rage rN+ EV+3}
   (You found it on level 8 of the Dungeon)

   It has been blessed by the Shining One to cause great damage to the undead
   and demons.
   It affects your evasion (+3).
   It protects you from negative energy.
   It may make you go berserk in combat.
Missiles
 i - 4 javelins (quivered)
 t - 2 throwing nets
 M - 5 tomahawks
Armour
 e - a +0 buckler (worn)
 f - a +0 shield
 r - a +1 plate armour (worn)
 w - the +0 helmet "Wixtenui" {rC+++ Str-4 Int-4 Dex+3}
   (You found it on level 4 of the Dungeon)

   It affects your strength (-4).
   It affects your intelligence (-4).
   It affects your dexterity (+3).
   It renders you almost immune to cold.
 B - a +0 large shield
 H - a +2 cloak of invisibility (worn)
Jewellery
 v - a +3 ring of dexterity (left hand)
 z - a +4 ring of evasion (right hand)
 D - an uncursed ring of poison resistance
Wands
 b - a wand of scattershot (4)
 g - a wand of iceblast (13)
 q - a wand of polymorph (2)
 s - a wand of paralysis (35)
 y - a wand of flame (20)
 F - a wand of acid (10)
Scrolls
 j - 6 scrolls of teleportation
 n - 5 scrolls of blinking
 o - 5 scrolls of enchant weapon
 x - 2 scrolls of remove curse {@r2}
 A - a scroll of fear
 J - 3 scrolls of enchant armour
 L - a scroll of immolation {unknown}
 O - 2 scrolls of amnesia {unknown}
Potions
 c - 2 potions of brilliance
 h - a potion of ambrosia
 k - 2 potions of agility
 l - 2 potions of heal wounds {@q2}
 m - a potion of magic
 p - 2 potions of berserk rage {!q}
 u - a potion of haste
 E - 2 potions of lignification {!q}
 G - 4 potions of curing {@q1}
Miscellaneous
 K - a phantom mirror
Comestibles
 d - 18 rations
 C - 11 chunks of flesh


   Skills:
 + Level 8.0 Fighting
 * Level 3.1 Long Blades
 - Level 12.5 Maces & Flails
 + Level 6.1 Armour
 - Level 3.1 Dodging
 - Level 4.6 Shields
 - Level 1.7 Spellcasting
   Level 1.0 Hexes
 - Level 4.1 Evocations


You had 13 spell levels left.
You didn't know any spells.

Dungeon Overview and Level Annotations

Branches:
Dungeon (12/15)            Temple (0/1) D:5            Lair (1/6) D:8
    Orc (0/2) D:9

Shops:
D:9 (   D:10 !

Annotations:
D:5 Grinder
D:7 skeletal warrior 2+
D:11 4 WINDS AMULET, fire giant, dragon, 2 reavers, ettin, war garg, yak cap
D:12 Harold, Nessos


Innate Abilities, Weirdness & Mutations

You have an increased reservoir of magic. (+10% MP)


Message History

The komodo dragon bites you but does no damage.
You hit the komodo dragon.
The komodo dragon is almost dead.
The spiny frog stings you but does no damage.
You thump the komodo dragon!
You kill the komodo dragon!
The spiny frog closely misses you.
You closely miss the spiny frog.
The spiny frog is moderately wounded.
The spiny frog barely misses you.
You sock the spiny frog! You drain the spiny frog!
The spiny frog is almost dead.
You hit the spiny frog but do no damage.
You drain the spiny frog!
You kill the spiny frog!
Your Long Blades skill increases to level 3!
No target in view!
No target in view!
You see here a komodo dragon corpse.
Are you sure you want to abandon this character and quit the game? (Confirm with "yes".)

## #...# # P##...## #
...... ...# # .....#
....# # ##...#
....##..... ## #....##
....#.....# .#..###.....#
#.#.##....#
.......†...P###.P.##....#
.......†@................
.........................
.........................
.........................
.........................
P##.#.#.......#...##....#
.....#.......#.....#...#
.....#.......#.....P....
........+..........


There were no monsters in sight!

Vanquished Creatures
  3 hydras (D:12)
  2 two-headed ogres (D:10)
  2 unseen horrors
  2 ugly things
  A spiny frog (Lair:1)
  2 kobold demonologists (D:12)
  A rime drake (D:10)
  3 komodo dragons
  A troll (D:11)
  2 slime creatures (D:12)
  4 hippogriffs
  3 wyverns (D:8)
  A wraith (D:10)
  6 yaks (D:8)
  2 hungry ghosts
  Edmund (D:6)
  An acid dragon (D:11)
  2 water moccasins
  A swamp drake (D:8)
  An orc warrior (D:9)
  2 black bears (D:7)
  An eye of draining (D:11)
  3 sky beasts
  2 necrophages (D:12)
  A phantom (D:11)
  4 ogres
  7 centaurs
  2 crocodiles (Lair:1)
  2 big kobolds (D:12)
  6 bullfrogs
  3 scorpions
  2 wights
  A howler monkey (D:7)
  4 crimson imps
  2 bullfrog skeletons
  5 hounds
  A centaur zombie (D:7)
  2 jellies (D:7)
  8 orc priests
  2 centaur skeletons
  7 iguanas
  5 orc wizards
  4 worker ants
  2 hound zombies
  2 worker ant zombies
  A gnoll (D:7)
  7 adders
  A shadow imp (D:8)
  2 oozes
  3 adder skeletons
  3 worms
  3 dart slugs
  6 leopard geckos
  22 orcs
  6 bats
  3 giant cockroaches
  4 goblins
  9 hobgoblins
  3 jackals (D:2)
  12 kobolds
  3 quokkas
  A ball python (D:2)
  A frilled lizard (D:2)
  A quokka skeleton (D:5)
  4 rats
216 creatures vanquished.

Vanquished Creatures (others)
  2 kobolds (D:12)
2 creatures vanquished.

Grand Total: 218 creatures vanquished

Notes
Turn   | Place    | Note
-------+----------+-------------------------------------------
     0 | D:1      | Leszczynek the Demigod Wanderer began the quest for the Orb.
     0 | D:1      | Leszczynek set off with: a +2 scale mail, a +0 shortbow, 28 arrows, a ration, a +0 shield
     0 | D:1      | Reached XP level 1. HP: 18/18 MP: 5/5
    48 | D:1      | Reached skill level 3 in Fighting
    86 | D:1      | Reached XP level 2. HP: 21/26 MP: 7/7
   281 | D:2      | Found a shimmering altar of Xom.
   543 | D:2      | Reached XP level 3. HP: 33/33 MP: 8/8
   565 | D:2      | Reached skill level 4 in Fighting
   785 | D:3      | Reached skill level 1 in Maces & Flails
   888 | D:3      | Reached skill level 2 in Maces & Flails
   888 | D:3      | Reached XP level 4. HP: 35/40 MP: 9/9
  1171 | D:4      | Reached skill level 3 in Maces & Flails
  1261 | D:4      | Got an ichor-stained helmet
  1267 | D:4      | Identified the +0 helmet "Wixtenui" {rC+++ Str-4 Int-4 Dex+3} (You found it on level 4 of the Dungeon)
  1267 | D:4      | hmmmmmmmmmmmmmmmmmmmmmmmmmmmmmmmmmmmmmmmmmmmmmmmmmmm
  1267 | D:4      | kek
  1279 | D:4      | Found a blossoming altar of Fedhas.
  1306 | D:4      | Found a radiant altar of Vehumet.
  1324 | D:4      | Reached XP level 5. HP: 39/46 MP: 10/10
  1414 | D:4      | Found a snail-covered altar of Cheibriados.
  1473 | D:5      | Entered Level 5 of the Dungeon
  1702 | D:6      | Reached skill level 4 in Maces & Flails
  1905 | D:6      | Noticed a centaur
  1925 | D:6      | HP: 6/46 [centaur (7)]
  1930 | D:6      | HP: 9/46 [hound (1)]
  1932 | D:6      | Killed a centaur
  1932 | D:6      | Reached skill level 5 in Maces & Flails
  1932 | D:6      | Reached XP level 6. HP: 10/52 MP: 11/11
  2054 | D:5      | Noticed Grinder
  2131 | D:5      | Found a staircase to the Ecumenical Temple.
  2313 | D:6      | Reached skill level 6 in Maces & Flails
  2339 | D:6      | Reached XP level 7. HP: 46/59 MP: 12/12
  2389 | D:6      | Noticed Edmund
  2402 | D:6      | Killed Edmund
  2426 | D:6      | Reached skill level 7 in Maces & Flails
  2696 | D:7      | Reached skill level 8 in Maces & Flails
  2804 | D:7      | Reached XP level 8. HP: 56/66 MP: 13/13
  2810 | D:7      | Noticed a skeletal warrior
  2811 | D:7      | wut
  2894 | D:7      | Noticed a skeletal warrior
  2894 | D:7      | wait, that's a whole pack?
  2894 | D:7      | now this is supremely retarded
  2894 | D:7      | hm, wait, it might still be the same one
  2960 | D:7      | priests now look as if they hold shields
  2960 | D:7      | weird
  3080 | D:7      | Reached skill level 9 in Maces & Flails
  3194 | D:7      | Killed an unseen horror
  3194 | D:7      | Reached skill level 4 in Evocations
  3196 | D:7      | nice, 4 levels off of one kill
  3224 | D:7      | Reached XP level 9. HP: 37/71 MP: 15/15
  3230 | D:7      | Reached skill level 10 in Maces & Flails
  3334 | D:8      | Reached skill level 2 in Shields
  3351 | D:7      | Reached skill level 3 in Shields
  3412 | D:8      | Reached skill level 4 in Shields
  3890 | D:7      | Noticed a skeletal warrior
  3891 | D:7      | nope, it's a whole pack
  4075 | D:9      | Found an iron altar of Okawaru.
  4079 | D:9      | Found a hide-covered altar of Uskayaw.
  4079 | D:9      | Found an opulent altar of Gozag.
  4166 | D:9      | Found a staircase to the Orcish Mines.
  4166 | D:9      | Found Valluurph's Weapon Boutique.
  4230 | D:9      | freezing shortbow, flaming glaive
  4230 | D:9      | and now i know i made the wrong weapon choice
  4230 | D:9      | ha ha
  4292 | D:9      | Found a white marble altar of Elyvilon.
  4356 | D:10     | Entered Level 10 of the Dungeon
  4367 | D:10     | Noticed a two-headed ogre
  4386 | D:10     | Killed a two-headed ogre
  4386 | D:10     | Reached skill level 11 in Maces & Flails
  4501 | D:10     | Found Piogu's Distillery.
  4523 | D:10     | Bought a potion of agility for 56 gold pieces
  4523 | D:10     | Bought a potion of curing for 42 gold pieces
  4523 | D:10     | Bought a potion of curing for 42 gold pieces
  4523 | D:10     | Bought a potion of heal wounds for 70 gold pieces
  4523 | D:10     | Bought a potion of agility for 56 gold pieces
  4602 | D:10     | Noticed a rime drake
  4602 | D:10     | a hornet changed into a rime drake
  4610 | D:10     | Killed a rime drake
  4610 | D:10     | Reached skill level 5 in Fighting
  4610 | D:10     | Reached skill level 2 in Armour
  4610 | D:10     | Reached XP level 10. HP: 81/81 MP: 16/16
  4626 | D:10     | Noticed a two-headed ogre
  4647 | D:10     | Killed a two-headed ogre
  4647 | D:10     | Reached skill level 1 in Dodging
  4751 | D:11     | Found a runed door.
  4751 | D:11     | Noticed a fire dragon
  4751 | D:11     | Noticed a flayed ghost
  4751 | D:11     | Noticed a war gargoyle
  4751 | D:11     | Noticed a tengu reaver
  4752 | D:11     | noice
  4753 | D:11     | Noticed a yaktaur captain
  4753 | D:11     | Noticed a tengu reaver
  4753 | D:11     | Noticed a fire giant
  4753 | D:11     | Noticed an ettin
  4754 | D:11     | Found the amulet of the Four Winds {rN+ MR+++ Clar}
  4754 | D:11     | >amulet of the four winds
  4754 | D:11     | duuuuude
  4778 | D:11     | Noticed Maurice
  4783 | D:11     | Noticed Maurice
  4783 | D:11     | Maurice changed into Maurice the bullfrog
  4784 | D:11     | Killed Maurice the bullfrog
  4784 | D:11     | Reached skill level 2 in Dodging
  4822 | D:11     | Reached skill level 6 in Fighting
  4822 | D:11     | Reached skill level 3 in Armour
  4915 | D:11     | Found an ornate altar of the Wu Jian Council.
  5047 | D:12     | Noticed a green ugly thing
  5059 | D:12     | Killed a green ugly thing
  5059 | D:12     | Reached skill level 3 in Dodging
  5166 | D:12     | Reached skill level 4 in Armour
  5179 | D:12     | Noticed a four-headed hydra
  5207 | D:12     | Killed a four-headed hydra
  5214 | D:12     | Noticed Harold
  5250 | D:11     | Noticed a green ugly thing
  5513 | D:11     | Killed an unseen horror
  5513 | D:11     | Reached skill level 7 in Fighting
  5570 | D:11     | Killed a green ugly thing
  5570 | D:11     | Reached XP level 11. HP: 76/92 MP: 17/17
  5615 | D:12     | Noticed a four-headed hydra
  5629 | D:12     | Killed a four-headed hydra
  5629 | D:12     | Reached skill level 12 in Maces & Flails
  5759 | D:12     | Noticed a sixfirhy
  5762 | D:12     | Reached skill level 5 in Armour
  5834 | D:12     | Noticed a seven-headed hydra
  5860 | D:12     | Killed a seven-headed hydra
  5969 | D:12     | Noticed Nessos
  6391 | D:9      | Found a sparkling altar of Nemelex Xobeh.
  6394 | D:9      | Found a stormy altar of Qazlal.
  6401 | D:9      | Found an ancient bone altar of Kikubaaqudgha.
  6513 | D:8      | Found the +10 zealot's sword {holy, *Rage rN+ EV+3}
  6524 | D:8      | ok wait
  6524 | D:8      | so i found the zealot's sword
  6524 | D:8      | and the amulet of clarity
  6524 | D:8      | is that it?
  6524 | D:8      | L O L
  6553 | D:8      | Found a staircase to the Lair.
  6630 | Lair:1   | Entered Level 1 of the Lair of Beasts
  6639 | D:8      | Reached skill level 1 in Long Blades
  6734 | D:8      | Reached skill level 2 in Long Blades
  6970 | Lair:1   | Reached skill level 8 in Fighting
  6970 | Lair:1   | Reached skill level 6 in Armour
  6992 | Lair:1   | Reached skill level 3 in Long Blades
  6995 | Lair:1   | Quit the game

Skill      XL: |  1  2  3  4  5  6  7  8  9 10 11 |
---------------+----------------------------------+-----
Fighting       | 3 4 5 7 8 |  8.0
Maces & Flails | 2 3 5 6 8 9 11 12 | 12.5
Evocations     | 4 |  4.1
Shields        | 4 |  4.6
Armour         | 2 4 6 |  6.1
Dodging        | 3 |  3.1
Long Blades    | 3 |  3.1
Spellcasting   | |  1.7
Hexes          | |  1.0

Action                   |  1- 3 |  4- 6 |  7- 9 | 10-12 || total
-------------------------+-------+-------+-------+-------++-------
Melee: Dagger            |    17 |       |       |       ||    17
       Quarterstaff      |       |    57 |    23 |       ||    80
       Whip              |       |     7 |       |       ||     7
       Flail             |       |       |   275 |   425 ||   700
 Fire: Shortbow          |   147 |   104 |       |       ||   251
Throw: Javelin           |       |     1 |     2 |     4 ||     7
Evoke: Wand              |       |       |    13 |    21 ||    34
  Use: Potion            |       |     4 |     1 |       ||     5
       Scroll            |       |       |    15 |     4 ||    19
 Stab: Paralysed         |       |       |    10 |     3 ||    13
  Eat: Chunk             |       |     5 |     7 |     9 ||    21
       Ration            |       |       |     3 |     1 ||     4
Armor: Scale mail        |    44 |    87 |    55 |       ||   186
       Plate armour      |       |       |    86 |   175 ||   261
Dodge: Dodged            |    46 |    98 |    94 |   166 ||   404
Block: Buckler           |       |       |    23 |    87 ||   110
